 Dungeon Crawl Stone Soup version 0.29.1-13-g9f3cf754e1 (webtiles) character file.

Game seed: 10838162159984968498

36 Chiseanne the Firebug (level 3, -1/26 HPs)
             Began as a Demonspawn Wanderer on Jan 30, 2023.
             Slain by a worm (9 damage)
             ... on level 2 of the Dungeon.
             The game lasted 00:04:31 (2168 turns).

Chiseanne the Firebug (Demonspawn Wanderer)         Turns: 2168, Time: 00:04:31

Health: -1/26      AC:  3    Str:  8    XL:     3   Next: 19%
Magic:  4/5        EV: 11    Int: 17    God:
Gold:   117        SH:  8    Dex: 14    Spells: 4/5 levels left

rFire   . . .      SeeInvis .   a - +0 short sword
rCold   . . .      Faith    .   d - +0 buckler
rNeg    . . .      Spirit   .   c - +0 robe
rPois   .          Reflect  .   (no helmet)
rElec   .          Harm     .   g - scarf {shadows}
rCorr   +          Rampage  .   (no gloves)
Will    .....                   i - +0 pair of boots
Stlth   +.........              h - amulet of the acrobat
HPRegen 0.08/turn               f - ring of resist corrosion
MPRegen 0.09/turn               (no ring)

@: no status effects
A: condensation shield
a: no special abilities


You were on level 2 of the Dungeon.
You visited 1 branch of the dungeon, and saw 2 of its levels.

You collected 117 gold pieces.

Inventory:

Hand Weapons
 a - a +0 short sword (weapon)
Missiles
 e - 15 stones (quivered)
Armour
 c - a +0 robe (worn)
 d - a +0 buckler (worn)
 g - a scarf of shadows (worn)
 i - a +0 pair of boots (worn)
Jewellery
 f - a ring of resist corrosion (left hand)
 h - an amulet of the acrobat (around neck)
 l - an amulet of faith
Scrolls
 j - a scroll of identify
 m - a scroll of acquirement {unknown}
 n - a scroll of butterflies {unknown}
 o - a scroll of teleportation
Potions
 b - a potion of brilliance
 k - a potion of heal wounds {unknown}
 p - a potion of lignification {unknown}


   Skills:
 * Level 1.0 Fighting
 * Level 0.8 Dodging
 * Level 2.1 Shields
 * Level 1.5 Spellcasting
 * Level 0.1 Conjurations
 * Level 3.9 Fire Magic
 - Level 1.7 Ice Magic
 - Level 1.0 Evocations


You had 4 spell levels left.
You knew the following spells:

 Your Spells              Type           Power      Damage    Failure   Level
a - Foxfire               Conj/Fire      32%        2x1d5     12%         1

Your spell library contained the following spells:

 Spells                   Type           Power      Damage    Failure   Level
 Freeze                   Ice            28%        1d5       13%         1
 Static Discharge         Conj/Air       1%         3-4/arc   36%         2
 Frozen Ramparts          Ice            14%        1d3       36%         3
 Ignite Poison            Fire/Tmut/Pois 5%         N/A       43%         3
 Call Canine Familiar     Summ           1%         N/A       63%         3
 Portal Projectile        Hex/Tloc       2%         N/A       63%         3
 Flame Wave               Conj/Fire      8%         2d5       75%         4
 Sticky Flame             Conj/Fire      8%         2d3       75%         4
 Dispel Undead            Necr           1%         3d6       95%         4
 Leda's Liquefaction      Hex/Erth       0%         N/A       95%         4
 Lee's Rapid Deconstruct  Erth           0%         3d5*      100%        5
 Statue Form              Tmut/Erth      0%         N/A       100%        6


Dungeon Overview and Level Annotations

Branches:
Dungeon (2/15)

Altars:


Innate Abilities, Weirdness & Mutations

A meltable shield of frost defends you. (SH +4)


Message History

The foxfire hits the worm.
The worm is lightly wounded.
Casting: Foxfire (safe; 12% risk of failure)
Confirm with . or Enter, or press ? or * to list all spells.
You conjure some foxfire!
The foxfire hits the worm.
The worm is lightly wounded.
The foxfire hits the worm.
The worm is moderately wounded.
You hit the worm.
The worm is moderately wounded.
You block the worm's attack.
You hit the worm.
The worm is heavily wounded.
You hit the worm but do no damage.
The worm is heavily wounded.
The worm bites you but does no damage.
You hit the worm.
The worm is heavily wounded.
The worm bites you.
You hit the worm.
The worm is severely wounded.
The worm bites you!
You hit the worm.
The worm is almost dead.
You barely miss the worm.
The worm is almost dead.
You block the worm's attack.
You hit the worm but do no damage.
The worm is severely wounded.
You block the worm's attack.
You hit the worm but do no damage.
The worm is severely wounded.
You hit the worm.
The worm is severely wounded.
The worm bites you but does no damage.
You hit the worm.
The worm is almost dead.
The worm bites you!
You die...

#......♣♣ ♣♣♣♣♣ #.).....♣♣♣
♣♣♣♣...♣ #.#♣♣♣♣♣..♣♣♣..w.♣♣†
#.# ♣♣♣..w.♣♣♣♣♣♣ ######.###
♣♣♣♣♣♣ #...##...# #...##...#
##### #...###.w#
#...##########
#...##v#@###.#...........
#...##.#..##.###.........
####...##.#.....###...).....
#.........#.......#.........
#.##...##########'#.........
##.#...............÷.......##
#..#....######.............#
#.##.........#.............#
#.##......†................#


You could see a worm.

Vanquished Creatures
  A dart slug (D:1)
  4 giant cockroaches
  2 hobgoblins
  3 jackals (D:2)
  3 quokkas
  5 ball pythons
  2 bats (D:1)
  A frilled lizard (D:2)
  2 goblins
  A kobold (D:1)
  9 rats
33 creatures vanquished.

Vanquished Creatures (others)
  9 foxfires (D:2)
9 creatures vanquished.

Grand Total: 42 creatures vanquished

Notes
Turn   | Place    | Note
-------+----------+-------------------------------------------
     0 | D:1      | Chiseanne the Demonspawn Wanderer began the quest for the
                  | Orb.
     0 | D:1      | Chiseanne set off with the following items: a +0 dagger, a
                  | potion of brilliance, a +0 robe, a +0 buckler; and the
                  | following spells available to memorise: Foxfire, Freeze,
                  | Frozen Ramparts, Ignite Poison, Flame Wave.
     0 | D:1      | Reached XP level 1. HP: 13/13 MP: 2/2
   385 | D:1      | Gained mutation: A meltable shield of frost defends you.
                  | (SH +4) [demonic ancestry]
   385 | D:1      | Reached XP level 2. HP: 20/20 MP: 3/3
  1497 | D:1      | Learned a level 1 spell: Foxfire
  1768 | D:2      | Found a faded altar of an unknown god.
  1874 | D:2      | Reached XP level 3. HP: 25/25 MP: 5/5
  2113 | D:2      | Reached skill level 1 in Fighting
  2168 | D:2      | Slain by a worm

Illustrated notes

Levels and vault maps discovered:
D:1:      minmay_arrival_stone_box, layout_basic
D:2:      kb_forest_paths, layout_basic, serial_curves, eino_curves_02,
          eino_curves_03, shapermc_ecumenical_altar_starsandcircs

Skill      XL: |  1  2  3 |
---------------+----------+-----
Shields        | 2 |  2.1
Fighting       | 1 |  1.0
Dodging        | |  0.8
Spellcasting   | |  1.5
Conjurations   | |  0.1
Fire Magic     | |  3.9
Ice Magic      | |  1.7
Evocations     | |  1.0

Action                   || total
-------------------------++-------
Melee: Short sword       ||   168
       Dagger            ||     7
 Cast: Foxfire           ||     6
  Use: Scroll            ||     5
 Stab: Sleeping          ||     4
Armor: Robe              ||    30
Dodge: Dodged            ||    89
Block: Buckler           ||    73
